 Dungeon Crawl Stone Soup version 0.29.1-13-g9f3cf754e1 (webtiles) character file.

Game seed: 11027376319392676415

357 Peloso the Covered (level 6, 0/52 HPs)
             Began as a Minotaur Fighter on Jan 21, 2023.
             Was an Initiate of Okawaru.
             Succumbed to a hornet's poison
             ... on level 5 of the Dungeon.
             The game lasted 00:04:44 (3333 turns).

Peloso the Covered (Minotaur Fighter)               Turns: 3333, Time: 00:04:45

Health: 0/52       AC:  9    Str: 21    XL:     6   Next: 36%
Magic:  5/5        EV:  9    Int:  5    God:    Okawaru [......]
Gold:   118        SH:  5    Dex: 11    Spells: 5/5 levels left

rFire   + . .      SeeInvis .   a - +0 long sword (spect)
rCold   + . .      Faith    .   c - +0 buckler
rNeg    . . .      Spirit   .   b - +0 scale mail
rPois   +          Reflect  .   (helmet restricted)
rElec   +          Harm     .   (no cloak)
rCorr   +          Rampage  .   (no gloves)
Will    .....                   e - +1 pair of boots
Stlth   ..........              (no amulet)
HPRegen 0.17/turn               (no ring)
MPRegen 0.09/turn               (no ring)

@: lethally poisoned (0 -> -9), resistant, slowed, invisible, very slow
A: horns 2, retaliatory headbutt
a: Renounce Religion


You were on level 5 of the Dungeon.
You worshipped Okawaru.
Okawaru was noncommittal.
You visited 1 branch of the dungeon, and saw 5 of its levels.

You collected 118 gold pieces.

Inventory:

Hand Weapons
 a - a +0 spectral long sword (weapon)
Armour
 b - a +0 scale mail (worn)
 c - a +0 buckler (worn)
 e - a +1 pair of boots (worn)
Jewellery
 j - an amulet of magic regeneration
Scrolls
 h - a scroll of amnesia
 k - a scroll of vulnerability {unknown}
Potions
 d - a potion of might
 i - a potion of haste {unknown}


   Skills:
 + Level 4.2 Fighting
 + Level 5.4 Long Blades
 + Level 5.7 Armour
 + Level 1.3 Dodging
 + Level 0.8 Stealth
 + Level 4.4 Shields


You had 5 spell levels left.
You didn't know any spells.
Your spell library contained the following spells:

 Spells                   Type           Power      Damage    Failure   Level
 Sublimation of Blood     Necr           0%         N/A       95%         2
 Dazzling Flash           Conj/Hex       0%         N/A       99%         3
 Petrify                  Tmut/Erth      0%         N/A       100%        4
 Agony                    Necr           0%         N/A       100%        5
 Irradiate                Conj/Tmut      0%         3d11      100%        5
 Silence                  Hex/Air        0%         N/A       100%        5


Dungeon Overview and Level Annotations

Branches:
Dungeon (5/15)
 Temple: D:4-7

Altars:
Gozag
Okawaru


Innate Abilities, Weirdness & Mutations

You have a pair of horns on your head.
You reflexively headbutt those who attack you in melee.


Message History

You hear some strange, mumbled words.
You are confused.
Items here: )) [[ †.
Unknown command.
You bump into the rock wall.
Unknown command.
You bump into the rock wall.
The hornet stings you but does no damage.
The orc hits you with a +0 dagger. Something hits you but does no damage.
The hornet stings you.
You are poisoned.
You feel yourself slow down.
Unknown command.
You bump into the rock wall.
You feel very sick. The hornet stings you.
You feel as though you will be slow longer.
Something hits you but does no damage. The orc hits you but does no damage.
The hornet barely misses you. Something hits you.
The orc hits you with a +0 dagger.
You feel less confused.
You feel very sick. The hornet stings you.
You are more poisoned.
You feel as though you will be slow longer.
Unknown command.
You feel very sick. You block the hornet's attack.
The hornet barely misses you. You furiously retaliate!
You headbutt the hornet!
Unknown command.
It was a potion of invisibility.
You fade into invisibility!
You feel very sick. The hornet stings you!
* * * LOW HITPOINT WARNING * * *
You feel as though you will be slow longer.
You block the hornet's attack.
It was a potion of resistance.
You feel protected.
You die...

###### #....#
#....# #..<.#
#....# ##.#.#
#.#.# #.#@#
#.#y## .
####..{o####....
.................
##..##.#.####....
## #...# . ..#.$.
##...... ###...#


You could see a hornet (unable to see you) and an orc (unable to see you).

Vanquished Creatures
  A scorpion (D:5)
  A hound (D:4)
  A jelly (D:3)
  Natasha (twice) (D:3)
  2 orc wizards (D:5)
  2 gnolls
  5 adders
  2 worms (D:3)
  2 dart slugs
  2 orcs (D:3)
  3 bats
  6 endoplasms
  3 giant cockroaches
  8 goblins (D:1)
  3 hobgoblins
  A jackal (D:5)
  6 ball pythons
  2 frilled lizards
  10 kobolds
  10 rats
72 creatures vanquished.

Notes
Turn   | Place    | Note
-------+----------+-------------------------------------------
     0 | D:1      | Peloso the Minotaur Fighter began the quest for the Orb.
     0 | D:1      | Reached XP level 1. HP: 19/19 MP: 0/0
   142 | D:1      | Reached XP level 2. HP: 15/27 MP: 1/1
   597 | D:1      | Reached XP level 3. HP: 33/33 MP: 2/2
  1395 | D:2      | Found a faded altar of an unknown god.
  1431 | D:2      | Reached XP level 4. HP: 40/40 MP: 3/3
  2042 | D:3      | Found an opulent altar of Gozag.
  2367 | D:3      | Identified the +0 robe of Ramak {Regen+}
  2574 | D:3      | Found an iron altar of Okawaru.
  2587 | D:3      | Noticed Natasha
  2593 | D:3      | Killed Natasha
  2594 | D:3      | Reached skill level 5 in Armour
  2594 | D:3      | Reached XP level 5. HP: 45/46 MP: 4/4
  2786 | D:3      | Noticed Natasha
  2790 | D:3      | Killed Natasha
  2804 | D:3      | Became a worshipper of Warmaster Okawaru
  3126 | D:4      | Noticed an ogre
  3143 | D:3      | Reached skill level 1 in Dodging
  3304 | D:5      | Entered Level 5 of the Dungeon
  3317 | D:5      | Reached skill level 5 in Long Blades
  3317 | D:5      | Reached XP level 6. HP: 52/52 MP: 5/5
  3320 | D:5      | Noticed a hornet
  3333 | D:5      | Succumbed to a hornet's poison

Illustrated notes

Levels and vault maps discovered:
D:1:      dpeg_arrival_orchard, layout_basic, minmay_misc_feat_roman
D:2:      layout_basic, chequers_ecumenical_altar_simple
D:3:      minmay_door_path, layout_basic, lemuel_tele_altar,
          mainiacjoe_overflow_24_doors, serial_park_tiny_2, uniq_natasha
D:4:      minmay_bubble_buster, layout_basic, minmay_temple_entry_trees,
          supply_closet_lemuel, nicolae_shop_i_like_big_books, uniq_edmund
D:5:      layout_rooms, uniq_menkaure

Skill      XL: |  1  2  3  4  5 |
---------------+----------------+-----
Shields        | 4 |  4.4
Armour         | 4 5 |  5.7
Long Blades    | 3 4 5 |  5.4
Fighting       | 4 |  4.2
Dodging        | 1 |  1.3
Stealth        | |  0.8

Action                   |  1- 3 |  4- 6 || total
-------------------------+-------+-------++-------
Melee: Long sword        |    79 |    60 ||   139
       Headbutt          |    16 |    14 ||    30
  Use: Scroll            |     4 |     2 ||     6
       Potion            |     2 |     2 ||     4
Armor: Scale mail        |    58 |    24 ||    82
Dodge: Dodged            |    58 |    38 ||    96
Block: Buckler           |    24 |    15 ||    39
